[Event "13th Chennai Open 2022"]
[Site "Chennai"]
[Date "2022.06.24"]
[Round "8.1"]
[White "Savchenko, Boris"]
[Black "Nitin, S.."]
[Result "1/2-1/2"]
[ECO "B80"]
[WhiteElo "2524"]
[BlackElo "2399"]
[Annotator "TA"]
[PlyCount "136"]
[EventDate "2022.06.19"]
[EventType "swiss"]
[EventCountry "IND"]
[SourceTitle "playchess.com"]
[Source "ChessBase"]
[SourceQuality "1"]
[TimeControl "5400+30"]

1. e4 c5 2. Nf3 d6 3. d4 cxd4 4. Nxd4 Nf6 5. Nc3 e6 6. g3 Be7 {[%emt 0:01:12] B80: Sicilian Scheveningen: 6 g3 and 6 Be3, including English Attack.} 7. Bg2 O-O 8. f4 Nc6 9. Nb3 {[%emt 0:01:54] [#]} d5 $146 ({Predecessor:} 9... Rb8 10. Be3 a6 11. O-O Bd7 12. Kh1 b5 13. Bg1 Qc7 14. a3 Rfd8 15. Qe2 b4 16. axb4 Nxb4 {0-1 (33) Cohen,J (2229)-Demchenko,A (2641) Chess.com INT 2020}) 10. Be3 (10. exd5 exd5 11. O-O (11. Nxd5 Nxd5 12. Bxd5 Nb4 $17) (11. Bxd5 Nb4 $17) 11... Bg4 $15) 10... a5 11. a4 (11. exd5 exd5 12. a4 (12. Nxd5 a4 $15) 12... Re8 $15) (11. e5 $5 ) 11... dxe4 12. Nxe4 Nb4 13. Bd4 Bd7 14. c3 Nxe4 15. Bxe4 Bc6 16. Qb1 Bd5 17. Nd2 (17. cxb4 Bxb3 18. Qd3 (18. Bxh7+ $2 Kh8 $19) 18... Bxb4+ 19. Kf2 f5 $17) (17. Bxh7+ $2 Kh8 18. cxb4 Bxb3 $19) 17... Nc6 18. Be3 ({Much worse is} 18. Bxh7+ Kh8 19. Be4 f5 20. Bxd5 Qxd5 $17) 18... f5 19. Bf3 e5 20. Qc2 Rc8 21. Bxd5+ Qxd5 22. Qb3 Qxb3 23. Nxb3 Rfd8 24. Ke2 exf4 25. Bxf4 Re8 {[%emt 0:00:17] ...Ba3+ is the strong threat.} 26. Kd3 Red8+ 27. Ke2 Re8 28. Kd3 Red8+ 29. Kc2 Nb4+ 30. Kb1 Nc6 31. Kc2 Nb4+ 32. Kb1 Nc6 33. Be3 Rd5 34. Kc2 Nb4+ 35. Kb1 Nc6 36. Ka2 b5 37. Rhd1 Rxd1 38. Rxd1 bxa4 39. Nc5 a3 40. b3 Re8 41. Kxa3 Bf6 42. Bd4 Rd8 43. Ne6 Rd5 44. Ka4 Kf7 45. Nc7 Rd7 46. Nb5 g5 47. Rd2 Kg6 48. Be3 {[%emt 0:00:15] Prevents f4.} Rxd2 49. Bxd2 $11 {[%emt 0:00:03][%mdl 4096] Endgame KBN-KBN} Be5 {[%emt 0:00:03] Prevents Nc7.} 50. Na3 $1 f4 51. Nc4 Kf5 (51... Bc7 $5 52. gxf4 (52. Kb5 Nd8 $15) 52... gxf4 $15) 52. Be1 (52. Kb5 $11 {remains equal.} Na7+ 53. Ka6) 52... Bf6 {[%emt 0:01:01] And now ...f3 would win.} 53. Kb5 Ne7 54. gxf4 gxf4 55. Nxa5 f3 $2 {[%emt 0:00:22] [#]} ({Black should play} 55... Ke4 $19 {Threatens to win with ...Ke3.} 56. Nb7 Ke3) 56. Kc5 (56. Nc4 $11 {was the only way to keep the balance.}) 56... Ke4 (56... Be5 $17 57. b4 Ke4) 57. Nc4 {[%emt 0:00:11] The position is equal.} Kd3 58. Nd2 f2 59. Bxf2 {[%emt 0:00:05][%cal Of2d4] [#] Strongly threatening Bd4!} Kxd2 60. c4 Nf5 61. Kd5 Kc3 62. c5 Bd8 (62... Kxb3 $2 63. Ke6 Nd4+ 64. Kxf6 $18) 63. Ke6 Nd4+ 64. Kd7 Bf6 65. c6 Nb5 66. Ke6 Bd8 67. Kf7 Kxb3 68. h4 h5 {[%emt 0:00:11] Weighted Error Value: White=0.10 (very precise) /Black=0.12 (very precise)} 1/2-1/2

[Event "13th Chennai Open 2022"]
[Site "Chennai"]
[Date "2022.06.24"]
[Round "8.3"]
[White "Fedorov, Alexei"]
[Black "Abdyjapar, Asyl"]
[Result "1-0"]
[ECO "C54"]
[WhiteElo "2529"]
[BlackElo "2346"]
[Annotator "TA"]
[PlyCount "89"]
[EventDate "2022.06.19"]
[EventType "swiss"]
[EventCountry "IND"]
[SourceTitle "playchess.com"]
[Source "ChessBase"]
[SourceQuality "1"]
[TimeControl "5400+30"]

1. e4 e5 2. Bc4 Nf6 3. d3 Bc5 4. Nf3 d6 5. c3 O-O 6. O-O Nc6 7. h3 a6 8. Bb3 h6 9. Re1 Be6 10. Bc2 Ba7 11. Nbd2 Re8 12. Nh2 {[%emt 0:02:21] C54: Giuoco Piano: 4 c3 Nf6, main lines with 5 d4 and 5 d3.} d5 13. Qf3 Ne7 14. Ndf1 {[%emt 0:07:41][%cal Oc1h6] The position is equal.} Ng6 {[%emt 0:03:00] [#]} 15. Bd2 $146 ({Predecessor:} 15. Ne3 c6 16. Nhg4 Nxg4 17. hxg4 Bxe3 18. Bxe3 d4 19. Bd2 b5 20. Rec1 c5 21. Bd1 {0-1 (108) Hansen,S (2577)-Leko,P (2737) Istanbul 2012}) 15... Nh4 16. Qe2 Qd7 17. Ne3 dxe4 (17... Rad8 $5 18. Neg4 Nxg4 19. Nxg4 Ng6 $15) 18. dxe4 Rad8 19. Red1 Qc6 20. g3 (20. Nhg4 $1 $11 Nxg4 21. hxg4) 20... Ng6 $17 21. Nf5 (21. Neg4 $142) 21... Bc4 $36 {[%emt 0:08:50][%mdl 2048] White is under strong pressure.} 22. Qf3 Qb5 23. Nxg7 {[%emt 0:01:26] [#]} Rxd2 $1 (23... Kxg7 24. Bxh6+ Kxh6 25. Qxf6 Rxd1+ 26. Rxd1 $11) 24. Nxe8 {[%emt 0:03:05] [#]} Rxd1+ (24... Rxf2 $1 $17 25. Nxf6+ Kf8 26. Nd7+ (26. Rd8+ $2 Ke7 $19) 26... Ke7 27. Qxf2 Bxf2+ 28. Kxf2 Qxb2) 25. Rxd1 $15 Nxe8 26. Bb3 Kg7 27. h4 (27. Rd8 $11 {remains equal.} Bxb3 28. axb3) 27... Nf6 $2 ({Black should play} 27... Bxb3 $17 28. axb3 Qxb3) 28. Ng4 $14 Nh7 {[%emt 0:02:35][%mdl 8192] This costs Black the game.} ({Better is} 28... Nxg4 $14 29. Qxg4 h5) 29. Bxc4 $18 {[%emt 0:04:02] Dancing on a razor blade.} Qxc4 30. Qf5 {[%emt 0:00:50] Rd7 is the strong threat.} Ngf8 {[%emt 0:04:28] Inhibits Rd7.} 31. Qxe5+ f6 32. Qe7+ Kh8 33. Nxh6 {[%emt 0:01:38] And now Nf5 would win. White is clearly winning.} ({Less strong is} 33. Rd8 Qg8 $14) 33... Qe2 34. Rf1 Qh5 (34... Qd3 $142) 35. Nf5 Qg4 {[%emt 0:00:00] Prevents Qg7+.} 36. Kg2 Bb6 37. f3 Qg8 38. Rd1 {[%emt 0:01:41] Hoping for Rd8.} Ng6 39. Qd8 Ngf8 40. b3 Qe6 41. Qe7 Qxe7 42. Nxe7 c6 43. f4 Kg7 44. Nf5+ Kg6 45. Nd6 {[%emt 0:00:12] Weighted Error Value: White=0.44/Black=0.48} 1-0

[Event "13th Chennai Open 2022"]
[Site "Chennai"]
[Date "2022.06.24"]
[Round "8.4"]
[White "Tran, Tuan Minh"]
[Black "Konguvel, Ponnuswamy"]
[Result "0-1"]
[ECO "E73"]
[WhiteElo "2533"]
[BlackElo "2331"]
[Annotator "TA"]
[PlyCount "130"]
[EventDate "2022.06.19"]
[EventType "swiss"]
[EventCountry "IND"]
[SourceTitle "playchess.com"]
[Source "ChessBase"]
[SourceQuality "1"]
[TimeControl "5400+30"]

1. d4 Nf6 2. c4 g6 3. Nc3 Bg7 4. e4 d6 5. Be2 O-O 6. Be3 e5 7. d5 Na6 8. g4 {[%emt 0:00:06] E73: King's Indian: Averbakh Variation without 6...c5.} Nc5 9. f3 h5 10. g5 {[%emt 0:00:41] White is slightly better.} Nh7 11. h4 f6 12. gxf6 Bxf6 13. Bf2 Be7 14. Kd2 c6 {[%emt 0:01:42] [#]} 15. b4 $146 ({Predecessor:} 15. Kc2 cxd5 16. cxd5 Bd7 17. Rc1 b5 18. Bxc5 dxc5 19. Bxb5 Bxb5 20. Nxb5 Rb8 21. Nc3 {1-0 (41) Yilmaz,M (2630)-Khusnutdinov,R (2484) Chess.com INT 2021}) 15... Na6 16. a3 Nc7 17. Nh3 cxd5 {[%emt 0:03:58] Threatens to win with ...d4.} 18. cxd5 Bxh4 19. Qg1 Kg7 20. Bxa7 Bxh3 {[%emt 0:20:49] Dancing on a razor blade.} 21. Rxh3 Bg5+ 22. Kc2 (22. Be3 $1 $14) 22... Qf6 (22... Qc8 $1 $15 23. Rg3 Rf6) 23. Kb3 {[%emt 0:01:23] [#]} (23. Rd1 $16) 23... Bd2 (23... Ne6 $1 $15 24. Rh1 Rxa7 25. dxe6 (25. Qxa7 Nd4+ 26. Kb2 Nxe2 $17) 25... Raa8) 24. Nb1 (24. Rxh5 Ng5 25. Rxg5 Qxg5 26. Qxg5 Bxg5 $11) (24. f4 $11) 24... Ng5 $17 25. Rg3 (25. Rxh5 $17 {was necessary.} Nxf3 26. Qg4) 25... h4 $2 ({Black should play} 25... Bf4 $1 $19 26. Rg2 h4) 26. Nxd2 $11 hxg3 27. Be3 Nh3 $1 28. Qxg3 Nf4 {[%emt 0:00:03] Pair of Knights!} 29. Bf1 Rh8 30. Rc1 {[%emt 0:01:50][%mdl 1024] White has compensation.} Ne8 31. a4 Rh7 32. a5 Kf8 33. Nc4 Rc7 (33... Rh1 $142) 34. Qg4 $16 Kg7 35. Rc2 Rf7 36. Nb6 Rd8 37. Bb5 Qe7 {[%emt 0:02:28] Prevents Bd7.} (37... Nc7 $2 38. Nd7 Rdxd7 39. Bxd7 $18) 38. Qg1 (38. Rh2 $142) 38... Nc7 39. Bc4 Rh8 40. Rc3 Qe8 (40... Rh3 $5 ) 41. Qf1 Rh2 42. b5 ({Much worse is} 42. Rc2 Qh8 43. Bxf4 Rxf4 $17) 42... Qh8 43. Kb4 (43. Qc1 $11) 43... Rh1 $1 $17 {[%emt 0:01:16] Black is more active.} 44. Qf2 Rb1+ $1 45. Rb3 Qh1 $36 {[%emt 0:00:21][%mdl 2048] Hoping for ...Rxb3+. Black has strong initiative.} 46. Nc8 {[%emt 0:10:00] [#]} (46. Qc2 $17 {was worth a try.} Rxb3+ 47. Bxb3) 46... Qd1 $2 ({Better is} 46... Ne8 $1 $19 {aiming for ...Rxb3+.} 47. b6 Rxb3+ 48. Kxb3 Qh3) 47. Bxf4 $4 (47. Qd2 $11 {and White stays safe.} Rxb3+ 48. Bxb3 Nd3+ 49. Kc4 Nb2+ 50. Kc3 (50. Qxb2 $2 Qf1+ 51. Kc3 Rxf3 $19) 50... Nxb5+ 51. Kxb2 Qxf3 52. Bc4) 47... Rxf4 $19 48. Nxd6 {[%emt 0:03:32] [#] Rxb1 is the strong threat.} Rxf3 $1 49. Qa2 Rbxb3+ 50. Bxb3 Qd4+ 51. Bc4 Rf2 52. Qa3 Rb2+ ({Inferior is} 52... Rc2 53. Qd3 Qf2 54. Kb3 $11) 53. Ka4 {[%emt 0:00:00] [#]} Nxb5 $1 54. Nf5+ (54. Qxb2 Qxb2) 54... gxf5 55. Qe7+ Kg6 56. Qe6+ Kg5 57. Qxf5+ Kh4 58. Qf6+ Kg3 59. Qg5+ Kf3 60. Qf5+ Ke3 61. Qg5+ Kxe4 62. Qh4+ Ke3 {[%emt 0:01:00] ( -> ...Qd1+)} 63. Qe1+ Kf3 {[%emt 0:00:20] Black mates.} 64. Qf1+ Kg3 65. Qe1+ Kh2 {[%emt 0:00:16] Weighted Error Value: White=0.49/Black=0.25 (precise)} 0-1

[Event "13th Chennai Open 2022"]
[Site "Chennai"]
[Date "2022.06.24"]
[Round "8.5"]
[White "Deepan Chakkravarthy J."]
[Black "Aaryan Varshney"]
[Result "1/2-1/2"]
[ECO "A30"]
[WhiteElo "2478"]
[BlackElo "2308"]
[Annotator "TA"]
[PlyCount "77"]
[EventDate "2022.06.19"]
[EventType "swiss"]
[EventCountry "IND"]
[SourceTitle "playchess.com"]
[Source "ChessBase"]
[SourceQuality "1"]
[TimeControl "5400+30"]

1. Nf3 d5 2. g3 c5 3. Bg2 Nf6 4. c4 Nc6 5. O-O d4 6. e3 {[%emt 0:00:34] A30: Symmetrical English: Double Fianchetto and Hedgehog.} dxe3 7. fxe3 e5 {[%emt 0:01:51] Against d4} 8. Nc3 Be7 {[%emt 0:02:24] [#]} 9. b3 $146 ({Predecessor:} 9. Nh4 Be6 10. Nf5 Bxc4 11. Nxg7+ Kf8 12. Nf5 Bxf1 13. Qxf1 Rg8 14. d4 cxd4 15. exd4 Nxd4 {1-0 (49) Vasilev,S-Spasov,S (2172) ICCF email 2010}) 9... O-O 10. Bb2 Bg4 11. h3 Bh5 12. g4 Bg6 13. Nd5 Nxd5 14. cxd5 Qxd5 {[%emt 0:00:55] [#] Hoping for ...e4.} 15. Nxe5 Be4 16. Bxe4 Qxe4 17. Qf3 (17. Rf4 {is interesting.} Qd5 18. Nxc6 Qxc6 19. Qf3) 17... Qxf3 18. Nxf3 Rad8 19. Bc3 Rfe8 20. a3 Rd5 21. b4 cxb4 22. axb4 a6 23. Rfb1 Rb5 24. Ra4 a5 25. Kf2 Bxb4 26. Ke2 Rc5 27. Bxb4 Nxb4 28. Ne1 h5 29. Nd3 Nxd3 30. Kxd3 hxg4 31. hxg4 $15 {[%emt 0:00:02][%mdl 4096] Endgame KRR-KRR} Re7 32. Rc4 Rg5 33. Rb6 g6 34. Ke2 Rge5 35. Kf3 R5e6 36. Rb5 Re5 37. Rb6 R5e6 38. Rb5 Re5 39. Rb6 {[%emt 0:00:50] Weighted Error Value: White=0.09 (flawless) /Black=0.11 (very precise)} 1/2-1/2

[Event "13th Chennai Open 2022"]
[Site "Chennai"]
[Date "2022.06.24"]
[Round "8.6"]
[White "Stupak, Kirill"]
[Black "Saravana, Krishnan P."]
[Result "1/2-1/2"]
[ECO "E04"]
[WhiteElo "2440"]
[BlackElo "2269"]
[Annotator "TA"]
[PlyCount "77"]
[EventDate "2022.06.19"]
[EventType "swiss"]
[EventCountry "IND"]
[SourceTitle "playchess.com"]
[Source "ChessBase"]
[SourceQuality "1"]
[TimeControl "5400+30"]

1. d4 d5 2. c4 c6 3. Nf3 Nf6 4. Nc3 e6 5. g3 dxc4 6. Bg2 b5 7. Ne5 a6 {[%emt 0:00:54] E04: Open Catalan: 5 Nf3.} 8. O-O Bb7 9. b3 b4 10. Ne4 Nxe4 11. Bxe4 c3 12. a3 a5 $1 13. Qd3 $1 {[%emt 0:00:37][%mdl 4] is recently more successful than 13.axb4.} Bd6 {[%emt 0:02:19] [#]} 14. axb4 $146 {[%emt 0:15:58] [#]} (14. Bf4 $15) ({Predecessor:} 14. Bf4 g5 15. Be3 f5 16. Bxf5 Bxe5 17. dxe5 exf5 18. Qxf5 Bc8 19. e6 Qe7 20. axb4 Bxe6 21. Qe5 {½-½ (21) Petrov,N (2559)-Lobanov,S (2516) Yerevan 2022}) 14... f5 $1 $17 15. Bg2 Bxe5 16. dxe5 {[%emt 0:00:30] Threatens to win with Qxd8+.} Qxd3 ({Resist} 16... axb4 17. Rxa8 Bxa8 18. Qc4 $14) 17. exd3 axb4 18. Rxa8 Bxa8 19. Be3 Kd7 20. Ra1 {[%emt 0:00:30] Against Na6} Bb7 21. Bb6 {[%emt 0:00:30] [#]} (21. Kf1 $142) 21... Na6 ({Better is} 21... Kc8 $1 22. Be3 Nd7) 22. Kf1 Ra8 (22... Kc8 $17 {And now ...c5 would win.} 23. Ke1 c5) 23. Ke1 $1 $11 Kc8 {[%emt 0:00:30] ...c5 is the strong threat.} 24. d4 {[%emt 0:00:30] Prevents c5.} c5 25. Bf1 cxd4 26. Bxd4 Nc7 27. Rxa8+ Bxa8 {[%emt 0:00:30][%mdl 4096] Endgame KBB-KBN} 28. Bc5 $1 Bd5 29. Bxb4 c2 30. Kd2 Bxb3 31. Bd3 Kd7 32. Ba3 Kc6 33. Ke3 (33. Kc3 $11 Bd5 34. Bb2 (34. Kxc2 Be4 $11)) 33... Bd5 (33... Nb5 $15 34. Bb2 g5) 34. Bc1 (34. Bxc2 $14 Nb5 35. Bf8) 34... Be4 35. Be2 Nd5+ 36. Kd4 {[%emt 0:00:30] aiming for f3.} Nc7 (36... Nb4 $1 $15 {feels stronger.} 37. Bc4 h6) 37. Kc3 Nd5+ 38. Kc4 Nb6+ 39. Kb4 {[%emt 0:00:37] Weighted Error Value: White=0.11 (very precise) /Black=0.16 (very precise)} 1/2-1/2

[Event "13th Chennai Open 2022"]
[Site "Chennai"]
[Date "2022.06.24"]
[Round "8.7"]
[White "Hirthickkesh PR"]
[Black "Ajay Karthikeyan"]
[Result "1/2-1/2"]
[ECO "A01"]
[WhiteElo "2232"]
[BlackElo "2436"]
[Annotator "TA"]
[PlyCount "102"]
[EventDate "2022.06.19"]
[EventType "swiss"]
[EventCountry "IND"]
[SourceTitle "playchess.com"]
[Source "ChessBase"]
[SourceQuality "1"]
[TimeControl "5400+30"]

1. b3 e5 2. Bb2 Nc6 3. e3 Nf6 4. Bb5 Qe7 5. Ne2 a6 6. Bxc6 {[%emt 0:00:15] A01: Nimzowitsch-Larsen Opening.} dxc6 7. d3 e4 8. Nbc3 {[%emt 0:05:54] [#] White has an edge.} Bf5 $146 ({Predecessor:} 8... Bg4 9. dxe4 Rd8 {½-½ (9) Sosovicka,J (2123)-Macka,O (2031) Slovakia 2018}) 9. Ng3 Bg4 10. Qd2 exd3 11. f3 Be6 12. Qxd3 Rd8 13. Qe2 Qb4 14. O-O Be7 15. Nce4 Nxe4 16. fxe4 O-O 17. Qf3 f6 18. Nh5 Bf7 (18... Qc5 $5 ) 19. e5 {[%emt 0:00:30] [#]} ({Avoid the trap} 19. Nxg7 $2 Kxg7 20. e5 (20. Bxf6+ $2 Bxf6 21. Qxf6+ Kg8 $19) 20... Kh8 21. exf6 Bc5 $19) (19. Ng3 $15) 19... Bxh5 (19... fxe5 $1 $17 20. a3 Qh4) 20. Qxh5 $15 Qe4 {[%emt 0:00:30][%csl LRc2,LRe3] ...Rd2 is the strong threat.} (20... f5 {seems wilder.} 21. Rxf5 Qd2 22. Rxf8+ Rxf8 23. Qd1 Qxe3+ 24. Kh1 Qe4) 21. exf6 $1 {[%emt 0:00:30] Threatens to win with Qg5.} Bxf6 22. Bxf6 Qxe3+ 23. Kh1 Rxf6 24. Rxf6 gxf6 $40 {[%emt 0:00:30][%mdl 128] Black attacks.} 25. Rd1 Rxd1+ 26. Qxd1 $11 {[%emt 0:00:30][%mdl 4096] Endgame KQ-KQ} Kf7 27. Qh5+ Kf8 28. Qd1 {[%emt 0:00:30] Inhibits Qe1+.} (28. h3 $1 $11) 28... Ke7 $17 29. h3 Qe4 30. Qd2 b6 31. Qh6 (31. c4 $17) 31... Qxc2 $19 32. Qg7+ Ke6 33. Qg8+ Kd7 34. Qg4+ Kd6 35. Qf4+ Ke6 (35... Kc5 $19 36. Qa4 Qe2 37. Qa3+ Kd4 38. Qb4+ Kd5) 36. Qg4+ $17 {[%emt 0:00:30] [#]} f5 ({Black should try} 36... Qf5 $1 $17 {[%cal Rf5g4] aiming for ...Qxg4.} 37. Qe2+ Kd7 38. Qxa6 b5) 37. Qg8+ $15 Kf6 (37... Kd6 $5 38. Qd8+ Kc5 39. Qe7+ Kd4 40. Qxc7 b5 $11) 38. Qxh7 {[%emt 0:00:30] The position is equal.} Qxa2 39. Qh6+ Ke7 40. Qg7+ Ke6 41. h4 Qf2 42. Qg6+ Ke7 43. Qg7+ Ke6 44. Qg6+ Ke5 45. h5 Qh4+ 46. Kg1 Qd4+ 47. Kh1 {[%emt 0:00:30] And now Qg7+ would win.} Qg4 48. Qh7 Qh4+ 49. Kg1 Qe1+ 50. Kh2 {[%emt 0:00:30] White threatens Qe7+ and mate.} Qh4+ 51. Kg1 Qd4+ {[%emt 0:00:30] Black had all chances to win.  Weighted Error Value: White=0.11 (very precise) /Black=0.11 (very precise)} 1/2-1/2

[Event "13th Chennai Open 2022"]
[Site "Chennai"]
[Date "2022.06.24"]
[Round "8.8"]
[White "Baghdasaryan, Vahe"]
[Black "Nguyen, Duc Hoa"]
[Result "1-0"]
[ECO "B96"]
[WhiteElo "2267"]
[BlackElo "2398"]
[Annotator "TA"]
[PlyCount "91"]
[EventDate "2022.06.19"]
[EventType "swiss"]
[EventCountry "IND"]
[SourceTitle "playchess.com"]
[Source "ChessBase"]
[SourceQuality "1"]
[TimeControl "5400+30"]

1. e4 c5 2. Nf3 d6 3. d4 cxd4 4. Nxd4 Nf6 5. Nc3 a6 6. Bg5 e6 7. f4 h6 8. Bh4 Qb6 9. a3 Be7 {[%emt 0:00:30][%cal Of6e4] B96: Sicilian Najdorf: 6 Bg5 e6 7 f4, lines other than 7...Qb6 and 7...Be7.} (9... Qxb2 $2 10. Na4 Qxa1 11. Qxa1 $18) 10. Bf2 Qc7 (10... Qxb2 $2 11. Na4 Qxa1 12. Qxa1 $18) 11. Qe2 Nc6 {[%emt 0:00:30] The position is equal.} 12. O-O-O {[%emt 0:00:30][%cal Ba1d1,Bd1d4,Bd4c4][%mdl 32] [#]} O-O $146 ({Predecessor:} 12... Nxd4 13. Rxd4 b5 14. g4 e5 15. Rd3 exf4 16. Rg1 Be6 17. Nd5 Bxd5 18. exd5 Nd7 {1-0 (56) Kotronias,V (2597)-Hagen,A (2453) Plovdiv 2012}) 13. g4 Nxd4 (13... e5 {with more complications.} 14. Nf5 exf4 15. h4 f3) 14. Rxd4 e5 15. Rc4 Qd8 16. g5 hxg5 17. fxg5 Bg4 18. Qd2 Nd7 19. h4 Nc5 20. Nd5 b5 21. Rb4 Be6 (21... Rb8 $142) 22. Rg1 (22. Be3 $142 $1) 22... Rc8 23. Kb1 a5 {[%emt 0:00:30] [#]} 24. Bxc5 {[%emt 0:00:30] White is more active.} Bxd5 $16 {[%emt 0:00:30] [#]} 25. exd5 $1 axb4 26. Bxb4 {[%emt 0:00:30] This bishop pair is nice.} Qb6 27. Rg3 f5 (27... g6 $14) 28. g6 $2 (28. gxf6 $1 $16 Rxf6 29. Bh3) 28... f4 $17 (28... Bxh4 29. Qh2 Qd4 30. Bxb5 $14 (30. Rd3 Qf2 $14)) 29. Bh3 $2 fxg3 $19 30. Qe2 {[%emt 0:00:30] [#]} Rf1+ 31. Ka2 $2 {[%emt 0:00:30] [#]} (31. Bxf1 Qf2 32. Qxf2 gxf2 33. b3) 31... Qd4 $1 32. Be6+ (32. Bxf1 Qc4+) 32... Kf8 {[%emt 0:00:30] ( -> ...g2)} 33. Qxf1+ Qf4 34. Qd1 {[%emt 0:00:30] [#]} g2 $1 35. Bh3 Qc4+ 36. Ka1 Qf1 ({Better is} 36... Qxc2 $19 37. Qf3+ Bf6 38. Bxd6+ Ke8 39. Bxg2 (39. Qg4 $2 g1=Q+ 40. Qxg1 e4 $19) 39... Qc1+ 40. Ka2 Rc2) 37. Qxf1+ $15 gxf1=Q+ 38. Bxf1 Rxc2 39. Bxb5 {[%emt 0:00:30][%mdl 4096] Endgame KRB-KB} e4 (39... Rh2 $15) 40. Kb1 $2 {[%emt 0:00:30] [#]} (40. a4 $1 $11 {and White is okay.}) 40... Rg2 $1 $19 41. a4 Bf6 $2 (41... Rxg6 $17 {and life is bright.} 42. h5 Rg2) 42. Bxd6+ $16 Kg8 43. Bc5 {[%emt 0:00:30] Strongly threatening d6.} Rxb2+ 44. Kc1 {[%emt 0:00:30] Threatens to win with d6.} Rb3 {[%emt 0:00:30] Hoping for ...Rc3+.} 45. Kd2 {[%emt 0:00:30] d6 is the strong threat.} Rc3 $2 {[%emt 0:00:30] [#]} (45... Bd8 $16 {might work better.}) 46. Bd6 $2 {[%emt 0:00:30] Weighted Error Value: White=0.58/Black=0.50} (46. Bb6 $1 $18) 1-0

[Event "13th Chennai Open 2022"]
[Site "Chennai"]
[Date "2022.06.24"]
[Round "8.9"]
[White "Hari Madhavan N B"]
[Black "Prasannaa.s"]
[Result "0-1"]
[ECO "E60"]
[WhiteElo "2374"]
[BlackElo "2164"]
[Annotator "TA"]
[PlyCount "27"]
[EventDate "2022.06.19"]
[EventType "swiss"]
[EventCountry "IND"]
[SourceTitle "playchess.com"]
[Source "ChessBase"]
[SourceQuality "1"]
[TimeControl "5400+30"]

1. d4 Nf6 2. c4 g6 3. h4 Bg7 4. Nc3 d5 5. cxd5 Nxd5 6. h5 {[%emt 0:00:22] E60: King's Indian: Unusual lines and Fianchetto Variation without Nc3.} c5 $1 7. Nf3 Nc6 8. h6 {[%emt 0:04:34] [#] Black is slightly better.} Bf6 {[%emt 0:00:33] Hoping for ...Nxc3.} ({Don't do} 8... Bxd4 9. Nxd5 Qxd5 10. e3 $16) 9. Ne4 cxd4 {[%emt 0:00:33] [#]} ({Much weaker is} 9... Nxd4 $6 10. Nxd4 cxd4 11. Nxf6+ Nxf6 12. e3 $11) 10. Nxf6+ $146 ({Predecessor:} 10. b4 Ncxb4 11. Bb2 Qa5 12. Nfd2 Nc3 13. Nxf6+ exf6 14. Qb3 Be6 {0-1 (14) Erigaisi,A (2563)-Vakhidov,D (2177) Chess.com INT 2020}) 10... Nxf6 11. Rh4 Bg4 12. Nh2 {[%emt 0:01:50] [#]} Be6 13. Nf3 Qa5+ 14. Qd2 {[%emt 0:08:42] Weighted Error Value: White=0.19 (very precise) /Black=0.04 (flawless)} 0-1

[Event "13th Chennai Open 2022"]
[Site "Chennai"]
[Date "2022.06.24"]
[Round "8.10"]
[White "Vignesh B"]
[Black "Gusain, Himal"]
[Result "0-1"]
[ECO "A06"]
[WhiteElo "2072"]
[BlackElo "2396"]
[Annotator "TA"]
[PlyCount "83"]
[EventDate "2022.06.19"]
[EventType "swiss"]
[EventCountry "IND"]
[SourceTitle "playchess.com"]
[Source "ChessBase"]
[SourceQuality "1"]
[TimeControl "5400+30"]

1. Nf3 d5 2. b3 c5 3. Bb2 f6 4. e3 Nc6 5. d4 Bg4 6. Nbd2 {[%emt 0:01:59] A06: Réti Opening: 1 Nf3 d5.} cxd4 7. exd4 e6 8. Bb5 {[%emt 0:09:15] [#] The position is equal.} a6 $146 ({Predecessor:} 8... Bd6 9. O-O Nge7 10. Re1 O-O 11. h3 Bxf3 12. Nxf3 Qd7 13. Qe2 a6 14. Bxc6 Nxc6 15. Qxe6+ Qxe6 16. Rxe6 {½-½ (39) Korcz,S-Holczbauer,F (1696) Hungary 2010}) 9. Bxc6+ bxc6 10. Qe2 Qd7 11. h3 Bh5 12. O-O-O Bd6 13. g4 Bf7 14. Ne1 Ne7 15. Nd3 Ng6 {[%emt 0:00:55] Against f4} 16. h4 Nf4 17. Nxf4 Bxf4 18. Ba3 a5 19. Kb2 (19. Bc5 $11 {is more appropriate.}) 19... a4 $15 20. Bc5 axb3 (20... Bd6 $5 ) 21. axb3 {[#] Hoping for Ra1.} Bd6 $1 {[%emt 0:00:30] This bishop pair is nice.} 22. Ra1 O-O 23. Bxd6 Qxd6 24. Qe3 e5 25. Nf3 ({White should play} 25. dxe5 $15 fxe5 26. f3) 25... Rae8 $17 26. dxe5 ({Better is} 26. Qc3 $15) 26... fxe5 {[%emt 0:00:30] Threatens to win with ...d4.} 27. Ng5 e4 28. Rhd1 h6 29. Nxf7 Rxf7 30. Ra6 Qf6+ 31. Qc3 Rc8 ({Reject} 31... Qxf2 32. Qxc6 Qf6+ 33. Qxf6 gxf6 34. Rxd5 $11) 32. Qxf6 Rxf6 $15 {[%emt 0:00:30][%mdl 4096] Endgame KRR-KRR} 33. Rd2 $1 Rf4 34. Kc3 {This move loses the game for White.} (34. g5 $1 $15) 34... Rxg4 $19 35. Kd4 Rxh4 36. Kc5 (36. c4 {was worth a try.}) 36... Rh3 37. Kd6 Rf3 38. Kd7 Rcf8 39. Kxc6 R8f6+ 40. Kb7 Rxf2 41. Rxf2 {[#]} (41. Rxd5 Rf7+ 42. Kb6) 41... Rxf2 42. c3 {Weighted Error Value: White=0.31/Black=0.05 (flawless)} 0-1